 Dungeon Crawl Stone Soup version 0.26.0-18-gc5c842f807 (webtiles) character file.

Game seed: 8524647416899773002

121 maff75 the Chopper (level 4, -7/44 HPs)
             Began as a Deep Dwarf Fighter on Jan 22, 2021.
             Killed by divine providence
             ... invoked by an orc priest
              (11 damage)
             ... on level 4 of the Dungeon.
             The game lasted 00:03:02 (2396 turns).

maff75 the Chopper (Deep Dwarf Fighter)             Turns: 2396, Time: 00:03:05

Health: -7/44      AC:  8    Str: 20    XL:     4   Next: 77%
Magic:  4/4        EV:  7    Int:  9    God:
Gold:   174        SH:  9    Dex: 12    Spells: 3/3 levels left

rFire    . . .     SeeInvis .   a - +0 war axe
rCold    . . .     Faith    .   c - +0 kite shield
rNeg     . . .     Spirit   .   b - +0 scale mail
rPois    .         Reflect  .   i - +0 helmet
rElec    .         Harm     .   (no cloak)
rCorr    .         Rampage  .   (no gloves)
Will     .....                  (no boots)
Stlth    ..........             (no amulet)
HPRegen  0.00/turn              (no ring)
MPRegen  0.09/turn              (no ring)

@: non-regenerating
A: damage resistance, heal wounds, sense surroundings 1, no regeneration
a: Heal Wounds


You were on level 4 of the Dungeon.
You visited 1 branch of the dungeon, and saw 4 of its levels.

You collected 174 gold pieces.

Inventory:

Hand Weapons
 a - a +0 war axe (weapon)
Missiles
 j - 7 javelins
Armour
 b - a +0 scale mail (worn)
 c - a +0 kite shield (worn)
 i - a +0 helmet (worn)
Magical Staves
 l - an uncursed staff of cold {unknown}
Jewellery
 e - an uncursed amulet of regeneration {unknown}
 o - an uncursed ring of poison resistance {unknown}
Scrolls
 f - 3 scrolls of immolation {unknown}
 h - 4 scrolls of identify {unknown}
 k - 4 scrolls of teleportation {unknown}
 m - a scroll of noise {unknown}
 p - 2 scrolls of enchant armour {unknown}
 q - a scroll of remove curse {unknown}
 r - a scroll of fog {unknown}
Potions
 d - 2 potions of might
 g - 2 potions of heal wounds {unknown}
 n - 2 potions of degeneration {unknown}


   Skills:
 + Level 3.7 Fighting
 + Level 4.6 Axes
 - Level 3.2 Armour
 - Level 3.2 Shields


You had 3 spell levels left.
You didn't know any spells.
Your spell library contained the following spells:

 Spells                   Type           Power        Failure   Level
 Confusing Touch          Hex            0%           100%        3
 Gell's Gravitas          Tloc           0%           100%        3
 Petrify                  Tmut/Erth      0%           100%        4
 Metabolic Englaciation   Hex/Ice        0%           100%        5
 Yara's Violent Unravell  Hex/Tmut       0%           100%        5


Dungeon Overview and Level Annotations

Branches:
Dungeon (4/15)
 Temple: D:4-7

Altars:
Elyvilon
Nemelex Xobeh
Sif Muna


Innate Abilities, Weirdness & Mutations

You are resistant to damage.
You can heal yourself by infusing magical energy.
You passively map a small area around you.
You do not regenerate.


Message History

* * * LOW HITPOINT WARNING * * *
Something hits you but does no damage. The worm bites you!
* * * LOW HITPOINT WARNING * * *
You fail to use your ability.
Something hits you but does no damage.
You miss something. You hit the worm. The worm bites you.
* * * LOW HITPOINT WARNING * * *
Something hits you but does no damage.
You closely miss something. You slash the orc priest!
You hit the worm but do no damage. The orc priest closely misses you.
You hear some strange, mumbled words.
A magic dart appears from out of thin air!
The magic dart hits you. You block the worm's attack.
You barely miss something. You hit the worm.
You completely miss the orc priest.
The orc priest looks braver for a moment.
Something hits you but does no damage. The worm barely misses you.
Something hits you.
The orc priest mumbles some strange prayers to Beogh against you.
Beogh smites you!
You die...

#.# * * #.## *
, * #..## * ,
* ##..# * * *
, , ** ##.# ,#
, * #.#### .#
###....##.##*
* #...).o....#
, ,
#...†.{@...# ,
#!....w....# *
* *
*#.....$....#
#..........#
#..........#
#..........#
**
,*#..........#
#..........# ,
,


You could see a worm and an orc priest.

Vanquished Creatures
  A hound (D:3)
  2 adders
  3 dart slugs (D:1)
  4 leopard geckos
  3 orcs (D:4)
  A ball python (D:2)
  2 giant cockroaches
  7 goblins
  4 hobgoblins
  6 jackals
  6 kobolds
  4 quokkas
  8 bats
  3 frilled lizards
  5 rats
59 creatures vanquished.

Notes
Turn   | Place    | Note
-------+----------+-------------------------------------------
     0 | D:1      | maff75 the Deep Dwarf Fighter began the quest for the Orb.
     0 | D:1      | Reached XP level 1. HP: 20/20 MP: 1/1
   247 | D:1      | Reached XP level 2. HP: 23/28 MP: 2/2
   561 | D:1      | Reached skill level 3 in Axes
   561 | D:1      | Reached XP level 3. HP: 20/34 MP: 3/3
   829 | D:2      | Found a sparkling altar of Nemelex Xobeh.
  1338 | D:2      | Found a white marble altar of Elyvilon.
  1847 | D:3      | Reached XP level 4. HP: 40/43 MP: 4/4
  1943 | D:3      | Reached skill level 4 in Axes
  2086 | D:3      | Found a shimmering blue altar of Sif Muna.
  2396 | D:4      | Killed from afar by an orc priest

Illustrated notes

Levels and vault maps discovered:
D:1:      minmay_arrival_shattered_statue, layout_basic, glass_columns_a
D:2:      layout_basic, lemuel_round_altar, old_standard_altar,
          minmay_split_cup_small
D:3:      layout_loops_ring, lemuel_blue_sif_altar
D:4:      layout_rooms, kennysheep_mini, temple_pool_b, enter_ossuary_2,
          grunt_gozag_statues

Skill      XL: |  1  2  3  4 |
---------------+-------------+-----
Fighting       | 3 |  3.7
Axes           | 3 4 |  4.6
Armour         | |  3.2
Shields        | |  3.2

Action                   |  1- 3 |  4- 6 || total
-------------------------+-------+-------++-------
Melee: War axe           |   149 |    52 ||   201
 Abil: Heal Wounds       |     1 |       ||     1
Armor: Scale mail        |    64 |    28 ||    92
Dodge: Dodged            |    58 |    26 ||    84
Block: Kite shield       |    72 |    24 ||    96
